 Dungeon Crawl Stone Soup version 0.27-a0-1149-g4505690ab0 (webtiles) character file.

Game seed: 11589675278216413845

24 st0uf the Twirler (level 2, 0/25 HPs)
             Began as a Draconian Gladiator on May 13, 2021.
             Slain by an adder (2 damage)
             ... on level 2 of the Dungeon.
             The game lasted 00:02:08 (950 turns).

st0uf the Twirler (Draconian Gladiator)              Turns: 950, Time: 00:02:08

Health: 0/25       AC:  4    Str: 16    XL:     2   Next: 79%
Magic:  2/2        EV: 12    Int:  8    God:
Gold:   81         SH:  0    Dex: 12    Spells: 1/1 levels left

rFire    . . .     SeeInvis .   a - +0 quarterstaff
rCold    . . .     Faith    .   (shield currently unavailable)
rNeg     . . .     Spirit   .   (armour unavailable)
rPois    .         Reflect  .   b - +0 hat
rElec    .         Harm     .   (no cloak)
rCorr    .         Rampage  .   (no gloves)
Will     .....                  (no boots)
Stlth    +.........             (no amulet)
HPRegen  0.08/turn              (no ring)
MPRegen  0.08/turn              (no ring)

@: no status effects
A: AC +4, unfitting armour, cold-blooded
a: no special abilities


You were on level 2 of the Dungeon.
You visited 1 branch of the dungeon, and saw 2 of its levels.

You collected 81 gold pieces.

Inventory:

Hand Weapons
 a - a +0 quarterstaff (weapon)
Missiles
 c - 3 throwing nets
 d - 34 stones
 h - 8 boomerangs (quivered)
Armour
 b - a +0 hat (worn)
Scrolls
 e - a scroll of identify {unknown}
 f - a scroll of silence {unknown}
Potions
 g - a potion of brilliance {unknown}


   Skills:
 + Level 2.5 Fighting
 + Level 3.5 Staves
 + Level 1.8 Throwing
 + Level 3.0 Dodging


You had one spell level left.
You didn't know any spells.
Your spell library contained the following spells:

 Spells                   Type           Power      Damage    Failure   Level
 Animate Skeleton         Necr           0%         N/A       41%         1
 Apportation              Tloc           0%         N/A       41%         1
 Corona                   Hex            0%         N/A       41%         1
 Summon Small Mammal      Summ           0%         N/A       41%         1


Dungeon Overview and Level Annotations

Branches:
Dungeon (2/15)

Altars:


Innate Abilities, Weirdness & Mutations

Your plain brown scales are hard. (AC +4)
You cannot fit into any form of body armour.
You are cold-blooded and may be slowed by cold attacks.


Message History

The adder bites you.
You are poisoned.
The adder poisons you! The adder misses you.
You miss the adder.
Your tail-slap misses the adder.
You feel sick. The adder bites you but does no damage.
You closely miss the adder.
Your tail-slap misses the adder.
You feel sick. The adder bites you. The adder bites you but does no damage.
You closely miss the adder.
Your tail-slap misses the adder.
You feel sick. The adder misses you.
You miss the adder.
You feel sick. The adder completely misses you. The adder bites you.
* * * LOW HITPOINT WARNING * * *
You completely miss the adder.
You feel sick.
You are no longer poisoned.
The adder bites you but does no damage.
You hit the adder but do no damage. The adder closely misses you.
The adder bites you but does no damage.
You miss the adder. The adder barely misses you.
You hit the adder but do no damage. The adder barely misses you.
The adder closely misses you.
You hit the adder.
The adder is lightly wounded.
The adder closely misses you.
You barely miss the adder.
The adder is lightly wounded.
The adder barely misses you. The adder bites you but does no damage.
You barely miss the adder.
The adder is lightly wounded.
The adder bites you.
* * * LOW HITPOINT WARNING * * *
You closely miss the adder.
The adder is lightly wounded.
The adder closely misses you. x2
You closely miss the adder.
The adder is lightly wounded.
The adder barely misses you.
You closely miss the adder.
The adder is lightly wounded.
The adder bites you.
You die...

.... ..... ##
..... .### ......
... ....##
......###.# .....
.........# #...#
#..# #...# #S.#
#...# #@.# #...#
#..#######...#
#............#####
##.#######.#.....†
#.# #.#######
#.#######.#
#.........#
###########


You could see an adder.

Vanquished Creatures
  4 endoplasms (D:1)
  A giant cockroach (D:1)
  2 jackals (D:1)
  2 quokkas (D:1)
  3 bats (D:1)
  2 frilled lizards
  A goblin (D:1)
  4 kobolds
  4 rats
23 creatures vanquished.

Notes
Turn   | Place    | Note
-------+----------+-------------------------------------------
     0 | D:1      | st0uf the Draconian Gladiator began the quest for the Orb.
     0 | D:1      | Reached XP level 1. HP: 17/17 MP: 1/1
   157 | D:1      | Found a faded altar of an unknown god.
   237 | D:1      | Reached XP level 2. HP: 25/25 MP: 2/2
   950 | D:2      | Slain by an adder

Illustrated notes

Levels and vault maps discovered:
D:1:      eino_arrival_druids_welcome, layout_basic, basic_ecumenical_altar
D:2:      layout_loops_ring

Skill      XL: |  1  2 |
---------------+-------+-----
Dodging        | 3 |  3.0
Fighting       | |  2.5
Staves         | |  3.5
Throwing       | |  1.8

Action                   || total
-------------------------++-------
Melee: Quarterstaff      ||    73
       Tailslap          ||     7
Armor: Skin              ||    20
Dodge: Dodged            ||    40

Table legend: (Time is in decaauts)
 A = Elapsed time spent in this place.
 B = Non-inter-level travel time spent in this place.
 C = Inter-level travel time spent in this place.
 D = Time resting spent in this place.
 E = Time spent auto-exploring this place.
 F = Levels seen in this place.
 G = Mean time per level.
                   A        B        C        D        E       F      G
               +--------+--------+--------+--------+--------+-----+--------+
         Total |    960 |    921 |     39 |     12 |    715 |   2 |  480.0 |
       Dungeon |    960 |    921 |     39 |     12 |    715 |   2 |  480.0 |
               +--------+--------+--------+--------+--------+-----+--------+

Top non-repeatable levels by time:
     D:1: 852 daAuts
     D:2: 108 daAuts
